[ AOE2 MATCH · #480238219 ]
UnrankedChinese vs Huns
[ REPLAY ANALYSIS · EXTRACTED FROM THE RECORDED GAME ]
Feudal
11:36
Castle
20:28
Imperial
40:25
| APM avg | 89.0 |
| APM peak | 142 |
| eAPM avg | 51.9 |
| Villagers / military | 213 / 84 |
Focus
⚔️ 47.0% · 🌾 53.0%
Fire Lancer ×33 · Knight ×22 · Fishing Ship ×12 · Scout Cavalry ×7 · Scorpion ×6 · Trebuchet (Packed) ×4
Feudal
12:37
Castle
16:14
Imperial
41:05
| APM avg | 39.9 |
| APM peak | 80 |
| eAPM avg | 17.4 |
| Villagers / military | 135 / 89 |
Focus
⚔️ 36.3% · 🌾 63.7%
Cavalry Archer ×79 · Scorpion ×5 · Trebuchet (Packed) ×4 · Monk ×1
Feudal
13:06
Castle
21:50
Imperial
40:42
| APM avg | 47.9 |
| APM peak | 85 |
| eAPM avg | 25.5 |
| Villagers / military | 142 / 104 |
Focus
⚔️ 38.1% · 🌾 61.9%
Ghulam ×58 · Camel Scout ×26 · Fishing Ship ×7 · Armored Elephant ×6 · Spearman ×5 · Scout Cavalry ×5
Feudal
13:38
Castle
19:13
Imperial
43:40
| APM avg | 43.1 |
| APM peak | 92 |
| eAPM avg | 19.2 |
| Villagers / military | 134 / 96 |
Focus
⚔️ 36.6% · 🌾 63.4%
Cavalry Archer ×89 · Unknown (1908) ×5 · Fishing Ship ×4 · Battering Ram ×4 · Spearman ×3
Feudal
14:49
Castle
19:15
Imperial
—
| APM avg | 61.7 |
| APM peak | 115 |
| eAPM avg | 29.5 |
| Villagers / military | 134 / 1 |
Focus
⚔️ 36.4% · 🌾 63.6%
Unknown (1952) ×107 · Fishing Ship ×8 · Unknown (1949) ×7 · Monk ×1 · Trade Cog ×1
Feudal
13:15
Castle
18:01
Imperial
—
| APM avg | 29.4 |
| APM peak | 60 |
| eAPM avg | 13.3 |
| Villagers / military | 115 / 61 |
Focus
⚔️ 30.9% · 🌾 69.1%
Plumed Archer ×61
Match map
Initial resources + every placement click. Lines = walls · curves = elevation contours. ◆ gold · ⬟ stone · ● berries · ✦ relic · ◌ wall gap
Your base· Open — unwalled flank
Simonz's base· Open — unwalled flank
murkbey's base· Open — 15t gap
Jimmy's base· Open — 7t gap
Aleko's base· Open — 11t gap
golden canine's base· Open — 7t gap
Smoothed initial terrain · ◌ = detected wall gap · hover for details
Inputs per minute
— ELEOS | ElNoniro - - Simonz
Build order — ELEOS | ElNoniro
First 150 of 526 actions detected
| 0:06 | Build | Town Center |
| 2:20 | Research | Loom |
| 2:20 | Research | Loom |
| 2:41 | Create | Villager (Male) |
| 3:07 | Create | Villager (Male) |
| 3:27 | Create | Villager (Male) |
| 3:38 | Build | Lumber Camp |
| 3:58 | Create | Villager (Male) |
| 4:07 | Create | Villager (Male) |
| 4:07 | Create | Villager (Male) |
| 4:23 | Create | Villager (Male) |
| 5:03 | Create | Villager (Male) |
| 5:03 | Create | Villager (Male) |
| 5:14 | Build | House |
| 5:39 | Create | Villager (Male) |
| 5:39 | Create | Villager (Male) |
| 5:42 | Build | Dock |
| 6:03 | Create | Villager (Male) |
| 6:03 | Create | Villager (Male) |
| 6:31 | Create | Villager (Male) |
| 6:31 | Create | Villager (Male) |
| 6:37 | Create | Fishing Ship |
| 6:37 | Create | Fishing Ship |
| 6:52 | Create | Villager (Male) |
| 7:08 | Build | House |
| 7:18 | Create | Villager (Male) |
| 7:19 | Create | Fishing Ship |
| 7:38 | Create | Fishing Ship |
| 7:38 | Create | Fishing Ship |
| 7:40 | Create | Villager (Male) |
| 7:54 | Create | Villager (Male) |
| 8:13 | Create | Fishing Ship |
| 8:13 | Create | Fishing Ship |
| 8:26 | Create | Villager (Male) |
| 8:38 | Build | House |
| 8:59 | Create | Villager (Male) |
| 9:23 | Research | Feudal Age |
| 9:23 | Research | Feudal Age |
| 9:23 | Research | Feudal Age |
| 9:23 | Research | Feudal Age |
| 9:23 | Research | Feudal Age |
| 9:23 | Research | Feudal Age |
| 9:23 | Research | Feudal Age |
| 9:44 | Build | Mill |
| 10:33 | Build | Barracks |
| 10:38 | Create | Villager (Male) |
| 11:03 | Create | Villager (Male) |
| 11:36 | Age | Feudal Age |
| 11:37 | Build | Stable |
| 11:38 | Create | Villager (Male) |
| 11:50 | Research | Double-Bit Axe |
| 11:50 | Research | Double-Bit Axe |
| 11:50 | Research | Double-Bit Axe |
| 12:03 | Create | Villager (Male) |
| 12:10 | Build | Mill |
| 12:14 | Create | Villager (Male) |
| 12:17 | Create | Scout Cavalry |
| 12:17 | Create | Scout Cavalry |
| 12:20 | Create | Scout Cavalry |
| 12:22 | Build | House |
| 12:44 | Create | Villager (Male) |
| 12:49 | Build | Fish Trap |
| 13:03 | Create | Scout Cavalry |
| 13:03 | Create | Villager (Male) |
| 13:06 | Build | House |
| 13:19 | Create | Scout Cavalry |
| 13:24 | Create | Villager (Male) |
| 13:35 | Create | Villager (Male) |
| 13:38 | Build | Mining Camp |
| 13:45 | Create | Villager (Male) |
| 14:02 | Create | Spearman |
| 14:04 | Create | Villager (Male) |
| 14:06 | Build | Fish Trap |
| 14:07 | Create | Fishing Ship |
| 14:14 | Create | Scout Cavalry |
| 14:14 | Create | Scout Cavalry |
| 14:37 | Build | House |
| 15:13 | Build | House |
| 15:15 | Build | House |
| 15:17 | Build | Palisade Wall |
| 15:26 | Create | Villager (Male) |
| 15:28 | Create | Fishing Ship |
| 15:28 | Create | Fishing Ship |
| 15:45 | Create | Villager (Male) |
| 16:18 | Create | Villager (Male) |
| 16:22 | Build | Fish Trap |
| 16:24 | Build | Fish Trap |
| 16:28 | Build | Blacksmith |
| 16:41 | Create | Villager (Male) |
| 16:44 | Build | House |
| 16:48 | Build | Palisade Wall |
| 16:54 | Create | Spearman |
| 17:00 | Build | Fish Trap |
| 17:04 | Build | House |
| 17:05 | Build | Palisade Wall |
| 17:23 | Create | Villager (Male) |
| 17:42 | Build | Farm |
| 17:43 | Build | Farm |
| 17:45 | Research | Castle Age |
| 17:45 | Research | Castle Age |
| 17:45 | Research | Castle Age |
| 17:45 | Research | Castle Age |
| 17:49 | Build | House |
| 17:50 | Create | Fishing Ship |
| 18:01 | Build | Farm |
| 18:24 | Build | Mining Camp |
| 18:50 | Build | Fish Trap |
| 19:05 | Build | House |
| 19:07 | Build | House |
| 19:10 | Build | House |
| 19:12 | Build | Palisade Wall |
| 19:21 | Create | Villager (Male) |
| 20:06 | Build | House |
| 20:13 | Create | Demolition Raft |
| 20:21 | Research | Bloodlines |
| 20:21 | Research | Bloodlines |
| 20:21 | Research | Bloodlines |
| 20:23 | Research | Scale Barding Armor |
| 20:27 | Build | Fish Trap |
| 20:28 | Age | Castle Age |
| 20:30 | Create | Villager (Male) |
| 20:41 | Create | Knight |
| 20:42 | Create | Knight |
| 20:46 | Create | Villager (Male) |
| 20:49 | Build | Town Center |
| 21:18 | Research | Bow Saw |
| 21:18 | Research | Bow Saw |
| 21:18 | Research | Bow Saw |
| 21:32 | Build | Farm |
| 21:33 | Create | Villager (Male) |
| 21:39 | Create | Villager (Male) |
| 21:39 | Create | Villager (Male) |
| 21:47 | Create | Villager (Male) |
| 21:52 | Create | Knight |
| 21:58 | Build | Farm |
| 22:03 | Create | Villager (Male) |
| 22:03 | Create | Villager (Male) |
| 22:20 | Build | Town Center |
| 22:24 | Build | Palisade Wall |
| 22:30 | Create | Villager (Male) |
| 22:33 | Build | Farm |
| 22:36 | Create | Villager (Male) |
| 22:36 | Create | Villager (Male) |
| 22:36 | Create | Villager (Male) |
| 22:42 | Build | Farm |
| 22:52 | Build | Farm |
| 23:01 | Create | Villager (Male) |
| 23:06 | Create | Villager (Male) |
| 23:06 | Create | Villager (Male) |
| 23:08 | Build | Farm |
Build order — Simonz
First 150 of 319 actions detected
| 0:11 | Build | Town Center |
| 2:32 | Create | Villager (Male) |
| 2:32 | Create | Villager (Male) |
| 2:32 | Create | Villager (Male) |
| 2:32 | Create | Villager (Male) |
| 4:07 | Create | Villager (Male) |
| 4:07 | Create | Villager (Male) |
| 4:53 | Create | Villager (Male) |
| 5:13 | Create | Villager (Male) |
| 5:17 | Build | Lumber Camp |
| 5:33 | Create | Villager (Male) |
| 5:33 | Create | Villager (Male) |
| 6:32 | Create | Villager (Male) |
| 7:04 | Create | Villager (Male) |
| 7:17 | Create | Villager (Male) |
| 7:43 | Create | Villager (Male) |
| 8:12 | Create | Villager (Male) |
| 8:35 | Create | Villager (Male) |
| 8:44 | Build | Mill |
| 8:56 | Create | Villager (Male) |
| 9:20 | Create | Villager (Male) |
| 9:40 | Create | Villager (Male) |
| 10:10 | Build | Mining Camp |
| 10:16 | Research | Feudal Age |
| 10:50 | Build | Palisade Wall |
| 11:37 | Build | Barracks |
| 12:11 | Research | Loom |
| 12:12 | Create | Villager (Male) |
| 12:37 | Age | Feudal Age |
| 12:39 | Build | Archery Range |
| 12:46 | Build | Blacksmith |
| 13:34 | Research | Castle Age |
| 13:34 | Research | Castle Age |
| 13:46 | Build | Palisade Wall |
| 13:46 | Build | Palisade Wall |
| 13:47 | Build | Palisade Wall |
| 13:47 | Build | Palisade Wall |
| 13:50 | Build | Palisade Wall |
| 13:51 | Build | Palisade Wall |
| 13:52 | Build | Palisade Wall |
| 13:52 | Build | Palisade Wall |
| 13:53 | Build | Palisade Wall |
| 14:40 | Research | Fletching |
| 14:46 | Build | Archery Range |
| 15:05 | Create | Villager (Male) |
| 15:55 | Build | Palisade Wall |
| 15:58 | Build | Palisade Wall |
| 16:14 | Age | Castle Age |
| 16:15 | Create | Cavalry Archer |
| 16:15 | Create | Cavalry Archer |
| 16:18 | Research | Bodkin Arrow |
| 16:45 | Create | Cavalry Archer |
| 16:45 | Create | Cavalry Archer |
| 16:46 | Create | Villager (Male) |
| 17:04 | Create | Cavalry Archer |
| 17:04 | Create | Cavalry Archer |
| 17:19 | Create | Villager (Male) |
| 17:36 | Create | Villager (Male) |
| 17:47 | Create | Cavalry Archer |
| 17:48 | Create | Cavalry Archer |
| 18:16 | Create | Villager (Male) |
| 18:17 | Create | Cavalry Archer |
| 18:17 | Create | Cavalry Archer |
| 18:18 | Create | Villager (Male) |
| 18:38 | Create | Cavalry Archer |
| 18:38 | Create | Cavalry Archer |
| 18:39 | Create | Villager (Male) |
| 19:07 | Create | Cavalry Archer |
| 19:07 | Create | Cavalry Archer |
| 19:12 | Create | Villager (Male) |
| 19:17 | Create | Cavalry Archer |
| 19:17 | Create | Cavalry Archer |
| 19:37 | Build | Town Center |
| 19:40 | Create | Villager (Male) |
| 19:57 | Create | Villager (Male) |
| 20:01 | Create | Cavalry Archer |
| 20:01 | Create | Cavalry Archer |
| 20:02 | Create | Villager (Male) |
| 20:02 | Create | Villager (Male) |
| 20:10 | Research | Double-Bit Axe |
| 20:38 | Create | Villager (Male) |
| 20:38 | Create | Villager (Male) |
| 20:59 | Create | Cavalry Archer |
| 20:59 | Create | Cavalry Archer |
| 21:00 | Create | Villager (Male) |
| 21:21 | Create | Villager (Male) |
| 21:43 | Create | Villager (Male) |
| 21:43 | Create | Villager (Male) |
| 21:59 | Create | Cavalry Archer |
| 21:59 | Create | Cavalry Archer |
| 22:03 | Create | Villager (Male) |
| 22:35 | Create | Villager (Male) |
| 22:36 | Create | Cavalry Archer |
| 22:36 | Create | Cavalry Archer |
| 22:37 | Create | Villager (Male) |
| 22:55 | Create | Villager (Male) |
| 22:56 | Create | Villager (Male) |
| 23:01 | Build | Farm |
| 23:02 | Build | Farm |
| 23:03 | Build | Farm |
| 23:05 | Build | Farm |
| 23:13 | Create | Villager (Male) |
| 23:14 | Create | Villager (Male) |
| 23:50 | Create | Cavalry Archer |
| 23:50 | Create | Cavalry Archer |
| 23:51 | Create | Villager (Male) |
| 23:58 | Create | Villager (Male) |
| 24:19 | Build | Town Center |
| 24:23 | Create | Villager (Male) |
| 24:23 | Create | Villager (Male) |
| 24:23 | Create | Villager (Male) |
| 24:32 | Research | Padded Archer Armor |
| 24:33 | Create | Villager (Male) |
| 24:33 | Create | Villager (Male) |
| 24:40 | Build | Farm |
| 24:42 | Create | Villager (Male) |
| 24:56 | Create | Cavalry Archer |
| 24:56 | Create | Cavalry Archer |
| 24:57 | Create | Villager (Male) |
| 25:03 | Create | Villager (Male) |
| 25:18 | Create | Villager (Male) |
| 25:21 | Build | Farm |
| 25:25 | Create | Villager (Male) |
| 25:30 | Create | Villager (Male) |
| 25:30 | Create | Villager (Male) |
| 25:34 | Create | Villager (Male) |
| 25:52 | Create | Cavalry Archer |
| 25:52 | Create | Cavalry Archer |
| 25:52 | Create | Villager (Male) |
| 25:58 | Create | Cavalry Archer |
| 25:58 | Create | Cavalry Archer |
| 25:58 | Create | Villager (Male) |
| 26:39 | Create | Cavalry Archer |
| 26:40 | Create | Villager (Male) |
| 26:52 | Create | Villager (Male) |
| 26:57 | Create | Cavalry Archer |
| 27:13 | Create | Villager (Male) |
| 27:14 | Create | Villager (Male) |
| 27:17 | Build | University |
| 27:21 | Create | Villager (Male) |
| 27:23 | Create | Cavalry Archer |
| 27:23 | Create | Cavalry Archer |
| 27:37 | Create | Villager (Male) |
| 27:50 | Create | Cavalry Archer |
| 28:09 | Research | Ballistics |
| 28:14 | Create | Cavalry Archer |
| 28:43 | Research | Thumb Ring |
| 28:44 | Create | Cavalry Archer |
| 28:44 | Create | Cavalry Archer |
| 29:01 | Create | Cavalry Archer |
Build order — murkbey
First 150 of 430 actions detected
| 0:06 | Build | Town Center |
| 1:22 | Build | Mill |
| 2:18 | Build | House |
| 2:36 | Create | Villager (Male) |
| 2:36 | Create | Villager (Male) |
| 2:36 | Create | Villager (Male) |
| 2:37 | Create | Villager (Male) |
| 2:37 | Create | Villager (Male) |
| 3:46 | Create | Villager (Male) |
| 3:46 | Create | Villager (Male) |
| 4:02 | Create | Villager (Male) |
| 4:02 | Create | Villager (Male) |
| 4:15 | Create | Villager (Male) |
| 4:15 | Create | Villager (Male) |
| 4:36 | Create | Villager (Male) |
| 4:36 | Create | Villager (Male) |
| 4:36 | Create | Villager (Male) |
| 4:44 | Build | House |
| 5:03 | Create | Villager (Male) |
| 5:04 | Create | Villager (Male) |
| 5:21 | Create | Villager (Male) |
| 5:21 | Create | Villager (Male) |
| 5:34 | Create | Villager (Male) |
| 5:34 | Create | Villager (Male) |
| 6:04 | Create | Villager (Male) |
| 6:04 | Create | Villager (Male) |
| 6:04 | Create | Villager (Male) |
| 6:13 | Build | Lumber Camp |
| 6:29 | Create | Villager (Male) |
| 6:29 | Create | Villager (Male) |
| 6:59 | Build | House |
| 7:09 | Create | Villager (Male) |
| 7:10 | Create | Villager (Male) |
| 7:31 | Create | Villager (Male) |
| 7:31 | Create | Villager (Male) |
| 7:32 | Create | Villager (Male) |
| 8:12 | Build | House |
| 8:26 | Create | Villager (Male) |
| 8:34 | Build | Dock |
| 8:41 | Build | Palisade Wall |
| 8:55 | Create | Villager (Male) |
| 9:09 | Build | Palisade Wall |
| 9:20 | Create | Fishing Ship |
| 9:26 | Build | Palisade Wall |
| 9:28 | Create | Villager (Male) |
| 9:43 | Build | Palisade Wall |
| 9:44 | Build | House |
| 10:01 | Create | Fishing Ship |
| 10:12 | Create | Villager (Male) |
| 10:19 | Build | House |
| 10:21 | Build | Palisade Wall |
| 10:46 | Create | Fishing Ship |
| 10:46 | Create | Fishing Ship |
| 10:49 | Research | Feudal Age |
| 10:49 | Research | Feudal Age |
| 10:59 | Build | Palisade Wall |
| 11:13 | Build | Palisade Wall |
| 11:14 | Build | Palisade Wall |
| 11:19 | Create | Villager (Male) |
| 11:50 | Build | Outpost |
| 12:14 | Build | Barracks |
| 12:18 | Build | Outpost |
| 12:58 | Research | Loom |
| 13:03 | Create | Villager (Male) |
| 13:06 | Age | Feudal Age |
| 13:10 | Build | House |
| 13:19 | Create | Spearman |
| 13:28 | Build | Stable |
| 13:40 | Build | House |
| 13:51 | Create | Villager (Male) |
| 13:51 | Create | Villager (Male) |
| 13:54 | Build | Mining Camp |
| 14:00 | Build | Mining Camp |
| 14:04 | Create | Villager (Male) |
| 14:18 | Create | Fishing Ship |
| 14:21 | Create | Scout Cavalry |
| 14:22 | Create | Scout Cavalry |
| 14:22 | Create | Scout Cavalry |
| 14:31 | Build | Palisade Wall |
| 14:48 | Build | Blacksmith |
| 14:59 | Build | Farm |
| 15:17 | Create | Scout Cavalry |
| 15:18 | Create | Villager (Male) |
| 15:19 | Create | Villager (Male) |
| 15:24 | Research | Double-Bit Axe |
| 15:24 | Research | Double-Bit Axe |
| 15:28 | Create | Spearman |
| 15:32 | Build | House |
| 15:34 | Build | Palisade Wall |
| 15:45 | Build | Palisade Gate |
| 15:51 | Create | Villager (Male) |
| 15:53 | Create | Scout Cavalry |
| 16:01 | Build | Farm |
| 16:03 | Build | Farm |
| 16:16 | Create | Spearman |
| 16:47 | Create | Villager (Male) |
| 16:53 | Build | Farm |
| 16:54 | Build | Farm |
| 16:54 | Build | Farm |
| 16:54 | Build | Farm |
| 17:04 | Create | Fishing Ship |
| 17:14 | Build | House |
| 17:35 | Create | Villager (Male) |
| 17:56 | Build | Market |
| 18:05 | Create | Villager (Male) |
| 18:17 | Build | Fish Trap |
| 18:21 | Build | Fish Trap |
| 18:27 | Build | House |
| 18:40 | Build | Fish Trap |
| 18:43 | Create | Villager (Male) |
| 19:10 | Research | Castle Age |
| 19:10 | Research | Castle Age |
| 19:17 | Build | Mining Camp |
| 19:46 | Create | Villager (Male) |
| 19:52 | Build | Fish Trap |
| 19:54 | Build | Fish Trap |
| 19:56 | Create | Villager (Male) |
| 20:21 | Create | Fishing Ship |
| 20:25 | Research | Gold Mining |
| 20:31 | Research | Horse Collar |
| 20:35 | Create | Villager (Male) |
| 20:54 | Research | Bloodlines |
| 20:54 | Research | Bloodlines |
| 21:07 | Build | Fish Trap |
| 21:19 | Create | Spearman |
| 21:19 | Create | Spearman |
| 21:40 | Create | Villager (Male) |
| 21:50 | Age | Castle Age |
| 21:53 | Create | Camel Scout |
| 21:57 | Create | Villager (Male) |
| 22:14 | Create | Villager (Male) |
| 22:31 | Create | Villager (Male) |
| 22:38 | Build | Farm |
| 22:38 | Build | Farm |
| 22:38 | Build | Farm |
| 22:56 | Create | Villager (Male) |
| 23:03 | Build | Castle |
| 23:28 | Create | Villager (Male) |
| 23:41 | Create | Villager (Male) |
| 23:46 | Create | Villager (Male) |
| 24:10 | Research | Forging |
| 24:12 | Create | Villager (Male) |
| 24:15 | Research | Light Cavalry (upgrade) |
| 24:28 | Create | Villager (Male) |
| 24:30 | Create | Ghulam |
| 24:30 | Create | Ghulam |
| 24:30 | Create | Ghulam |
| 24:34 | Create | Villager (Male) |
| 24:39 | Build | Siege Workshop |
| 24:43 | Create | Villager (Male) |
Build order — Jimmy
First 150 of 303 actions detected
| 0:12 | Build | Lumber Camp |
| 0:45 | Build | Town Center |
| 1:24 | Build | House |
| 3:00 | Create | Villager (Male) |
| 3:00 | Create | Villager (Male) |
| 3:00 | Create | Villager (Male) |
| 3:01 | Create | Villager (Male) |
| 3:01 | Create | Villager (Male) |
| 4:16 | Create | Villager (Male) |
| 4:16 | Create | Villager (Male) |
| 4:39 | Create | Villager (Male) |
| 5:15 | Build | House |
| 5:36 | Create | Villager (Male) |
| 5:36 | Create | Villager (Male) |
| 5:37 | Research | Loom |
| 5:40 | Build | Lumber Camp |
| 5:54 | Build | House |
| 5:58 | Create | Villager (Male) |
| 5:58 | Create | Villager (Male) |
| 6:33 | Create | Villager (Male) |
| 7:03 | Create | Villager (Male) |
| 7:03 | Create | Villager (Male) |
| 7:21 | Create | Villager (Male) |
| 7:21 | Create | Villager (Male) |
| 7:39 | Build | House |
| 8:06 | Create | Villager (Male) |
| 8:23 | Create | Villager (Male) |
| 8:23 | Create | Villager (Male) |
| 8:45 | Create | Villager (Male) |
| 9:09 | Build | House |
| 9:51 | Create | Villager (Male) |
| 10:29 | Create | Villager (Male) |
| 10:30 | Create | Villager (Male) |
| 10:38 | Build | Dock |
| 11:21 | Create | Fishing Ship |
| 11:28 | Research | Feudal Age |
| 11:41 | Build | Mill |
| 11:52 | Build | Palisade Wall |
| 11:54 | Build | Palisade Wall |
| 12:07 | Create | Fishing Ship |
| 12:28 | Build | House |
| 12:32 | Build | Palisade Gate |
| 12:58 | Create | Villager (Male) |
| 13:07 | Build | Palisade Wall |
| 13:19 | Create | Villager (Male) |
| 13:27 | Build | House |
| 13:38 | Age | Feudal Age |
| 13:39 | Create | Villager (Male) |
| 13:39 | Create | Villager (Male) |
| 13:41 | Build | House |
| 14:06 | Build | Barracks |
| 14:40 | Build | House |
| 14:48 | Create | Villager (Male) |
| 14:54 | Build | Archery Range |
| 14:59 | Build | House |
| 15:06 | Create | Spearman |
| 15:41 | Create | Villager (Male) |
| 15:53 | Build | Blacksmith |
| 16:07 | Create | Villager (Male) |
| 16:10 | Research | Double-Bit Axe |
| 16:11 | Research | Double-Bit Axe |
| 16:30 | Research | Castle Age |
| 17:17 | Build | Archery Range |
| 17:19 | Create | Villager (Male) |
| 17:20 | Research | Fletching |
| 17:20 | Research | Fletching |
| 17:32 | Create | Fishing Ship |
| 18:42 | Research | Padded Archer Armor |
| 18:47 | Build | Stable |
| 19:13 | Age | Castle Age |
| 19:14 | Create | Cavalry Archer |
| 19:15 | Create | Cavalry Archer |
| 19:16 | Research | Bodkin Arrow |
| 19:18 | Create | Villager (Male) |
| 19:22 | Build | Town Center |
| 19:39 | Create | Villager (Male) |
| 19:46 | Create | Cavalry Archer |
| 19:46 | Create | Cavalry Archer |
| 20:11 | Create | Cavalry Archer |
| 20:16 | Build | House |
| 20:17 | Build | House |
| 20:34 | Create | Villager (Male) |
| 20:40 | Create | Villager (Male) |
| 20:41 | Create | Villager (Male) |
| 20:53 | Create | Cavalry Archer |
| 20:53 | Create | Cavalry Archer |
| 21:07 | Create | Villager (Male) |
| 21:27 | Create | Spearman |
| 21:27 | Create | Spearman |
| 21:35 | Create | Cavalry Archer |
| 21:36 | Create | Cavalry Archer |
| 21:56 | Create | Cavalry Archer |
| 21:56 | Create | Cavalry Archer |
| 22:05 | Create | Cavalry Archer |
| 22:18 | Create | Villager (Male) |
| 22:34 | Build | Farm |
| 22:34 | Build | Farm |
| 22:34 | Build | Farm |
| 22:34 | Build | Farm |
| 22:35 | Build | Farm |
| 22:35 | Create | Cavalry Archer |
| 22:35 | Create | Cavalry Archer |
| 22:56 | Create | Cavalry Archer |
| 23:06 | Create | Cavalry Archer |
| 23:06 | Create | Cavalry Archer |
| 23:12 | Create | Villager (Male) |
| 23:37 | Create | Cavalry Archer |
| 23:38 | Create | Villager (Male) |
| 24:01 | Build | Town Center |
| 24:04 | Create | Cavalry Archer |
| 24:05 | Create | Cavalry Archer |
| 24:13 | Create | Villager (Male) ×2 |
| 24:37 | Create | Cavalry Archer |
| 24:37 | Create | Cavalry Archer |
| 25:01 | Create | Villager (Male) |
| 25:02 | Create | Villager (Male) |
| 25:08 | Build | House |
| 25:09 | Build | House |
| 25:09 | Build | House |
| 25:10 | Build | House |
| 25:10 | Build | House |
| 25:10 | Build | House |
| 25:11 | Create | Cavalry Archer |
| 25:12 | Create | Cavalry Archer |
| 25:28 | Create | Villager (Male) |
| 25:36 | Build | House |
| 25:36 | Build | House |
| 25:37 | Build | House |
| 25:49 | Create | Villager (Male) |
| 25:50 | Create | Villager (Male) |
| 26:00 | Build | Fish Trap |
| 26:28 | Create | Cavalry Archer |
| 26:28 | Create | Cavalry Archer |
| 26:30 | Create | Cavalry Archer |
| 26:35 | Create | Villager (Male) ×2 |
| 26:57 | Create | Villager (Male) ×2 |
| 26:58 | Create | Cavalry Archer |
| 26:58 | Create | Cavalry Archer |
| 27:06 | Create | Cavalry Archer |
| 27:12 | Build | Farm |
| 27:13 | Create | Fishing Ship |
| 27:24 | Create | Cavalry Archer |
| 27:25 | Create | Cavalry Archer |
| 27:33 | Create | Villager (Male) ×3 |
| 27:44 | Build | Mill |
| 27:49 | Create | Villager (Male) ×3 |
| 27:53 | Build | House |
| 27:54 | Build | House |
| 27:54 | Build | House |
| 27:59 | Create | Cavalry Archer |
Build order — Aleko
First 150 of 408 actions detected
| 0:36 | Build | Town Center |
| 1:48 | Build | Mill |
| 2:37 | Create | Villager (Male) |
| 2:37 | Create | Villager (Male) |
| 2:37 | Create | Villager (Male) |
| 2:38 | Create | Villager (Male) |
| 3:27 | Build | House |
| 3:29 | Research | Loom |
| 3:30 | Create | Villager (Male) |
| 3:39 | Create | Villager (Male) |
| 3:39 | Create | Villager (Male) |
| 3:40 | Create | Villager (Male) |
| 4:19 | Create | Villager (Male) |
| 4:41 | Create | Villager (Male) |
| 4:47 | Build | House |
| 5:10 | Create | Villager (Male) |
| 5:36 | Create | Villager (Male) |
| 5:36 | Create | Villager (Male) |
| 5:43 | Create | Villager (Male) |
| 5:43 | Create | Villager (Male) |
| 6:05 | Create | Villager (Male) |
| 6:17 | Create | Villager (Male) |
| 6:18 | Create | Villager (Male) |
| 6:52 | Build | House |
| 6:55 | Create | Villager (Male) |
| 7:23 | Build | Lumber Camp |
| 7:55 | Create | Villager (Male) |
| 7:55 | Create | Villager (Male) |
| 7:55 | Create | Villager (Male) |
| 7:55 | Create | Villager (Male) |
| 8:11 | Build | House |
| 8:18 | Create | Villager (Male) |
| 8:39 | Create | Villager (Male) |
| 9:01 | Build | Dock |
| 9:08 | Create | Villager (Male) |
| 9:16 | Create | Villager (Male) |
| 9:34 | Build | House |
| 9:41 | Create | Fishing Ship |
| 9:44 | Create | Villager (Male) |
| 9:48 | Build | House |
| 9:53 | Create | Villager (Male) |
| 10:06 | Create | Fishing Ship |
| 10:28 | Build | House |
| 10:35 | Create | Villager (Male) |
| 10:49 | Create | Fishing Ship |
| 11:07 | Build | House |
| 11:15 | Create | Villager (Male) |
| 11:21 | Build | House |
| 11:32 | Create | Fishing Ship |
| 11:58 | Build | House |
| 12:00 | Build | House |
| 12:20 | Research | Feudal Age |
| 12:47 | Build | Lumber Camp |
| 12:55 | Create | Fishing Ship |
| 13:15 | Build | Mining Camp |
| 13:21 | Build | Palisade Wall |
| 13:22 | Build | Palisade Wall |
| 14:05 | Build | Palisade Wall |
| 14:07 | Build | Palisade Wall |
| 14:09 | Build | Palisade Wall |
| 14:11 | Build | Palisade Wall |
| 14:13 | Build | Palisade Wall |
| 14:18 | Build | Palisade Wall |
| 14:20 | Build | Palisade Wall |
| 14:22 | Build | Palisade Wall |
| 14:25 | Build | Palisade Wall |
| 14:26 | Build | Palisade Wall |
| 14:27 | Build | Palisade Wall |
| 14:28 | Build | Palisade Wall |
| 14:30 | Build | Palisade Wall |
| 14:44 | Create | Villager (Male) |
| 14:44 | Create | Villager (Male) |
| 14:49 | Age | Feudal Age |
| 14:51 | Build | House |
| 14:57 | Build | Barracks |
| 14:59 | Build | Blacksmith |
| 15:11 | Build | House |
| 15:19 | Create | Villager (Male) |
| 15:37 | Create | Villager (Male) |
| 15:59 | Build | House |
| 16:04 | Build | Archery Range |
| 16:08 | Research | Town Watch |
| 16:08 | Research | Town Watch |
| 16:35 | Research | Castle Age |
| 16:51 | Research | Double-Bit Axe |
| 16:52 | Research | Double-Bit Axe |
| 17:00 | Build | Lumber Camp |
| 17:26 | Build | Palisade Wall |
| 17:28 | Build | Palisade Wall |
| 17:53 | Build | Palisade Wall |
| 18:00 | Build | Archery Range |
| 18:10 | Research | Fletching |
| 18:10 | Research | Fletching |
| 18:23 | Build | House |
| 18:25 | Build | Palisade Wall |
| 19:05 | Build | Palisade Wall |
| 19:09 | Build | Palisade Wall |
| 19:12 | Build | Palisade Wall |
| 19:15 | Create | Villager (Male) |
| 19:15 | Age | Castle Age |
| 19:17 | Create | Unit 1952 |
| 19:18 | Create | Unit 1952 |
| 19:21 | Research | Tech 906 |
| 19:28 | Build | Fish Trap |
| 19:48 | Create | Unit 1952 |
| 19:49 | Create | Unit 1952 |
| 19:53 | Build | Fish Trap |
| 19:57 | Build | Fish Trap |
| 20:02 | Create | Villager (Male) |
| 20:03 | Create | Villager (Male) |
| 20:06 | Build | House |
| 20:20 | Create | Unit 1952 |
| 20:20 | Create | Unit 1952 |
| 20:26 | Build | Fish Trap |
| 20:48 | Research | Padded Archer Armor |
| 20:48 | Research | Padded Archer Armor |
| 20:59 | Create | Unit 1952 |
| 21:00 | Create | Unit 1952 |
| 21:03 | Build | Fish Trap |
| 21:10 | Create | Villager (Male) |
| 21:20 | Build | House |
| 21:41 | Create | Unit 1952 |
| 21:41 | Create | Unit 1952 |
| 21:49 | Create | Villager (Male) |
| 22:17 | Build | Town Center |
| 22:19 | Create | Unit 1952 |
| 22:35 | Create | Villager (Male) |
| 22:40 | Research | Bodkin Arrow |
| 22:45 | Build | House |
| 23:00 | Create | Villager (Male) |
| 23:08 | Build | Market |
| 23:26 | Create | Villager (Male) |
| 23:56 | Create | Unit 1952 |
| 23:56 | Create | Unit 1952 |
| 23:57 | Create | Unit 1952 |
| 23:57 | Create | Unit 1952 |
| 24:15 | Create | Unit 1952 |
| 24:15 | Create | Unit 1952 |
| 24:19 | Build | House |
| 24:28 | Create | Villager (Male) |
| 24:30 | Create | Villager (Male) |
| 24:30 | Create | Villager (Male) |
| 24:53 | Create | Unit 1952 |
| 24:53 | Create | Unit 1952 |
| 24:55 | Research | Stone Mining |
| 25:06 | Create | Villager (Male) |
| 25:09 | Create | Villager (Male) |
| 25:10 | Create | Unit 1952 |
| 25:10 | Create | Unit 1952 |
| 25:19 | Research | Town Watch |
Build order — golden canine
First 150 of 255 actions detected
| 0:29 | Build | Town Center |
| 2:00 | Build | House |
| 2:46 | Create | Villager (Male) |
| 2:47 | Create | Villager (Male) |
| 2:47 | Create | Villager (Male) |
| 4:19 | Create | Villager (Male) |
| 4:20 | Create | Villager (Male) |
| 4:20 | Create | Villager (Male) |
| 4:20 | Create | Villager (Male) |
| 4:56 | Build | House |
| 4:58 | Create | Villager (Male) |
| 4:58 | Create | Villager (Male) |
| 5:59 | Build | Lumber Camp |
| 6:18 | Create | Villager (Male) |
| 6:18 | Create | Villager (Male) |
| 6:38 | Create | Villager (Male) |
| 6:41 | Build | House |
| 7:01 | Create | Villager (Male) |
| 7:23 | Create | Villager (Male) |
| 7:36 | Create | Villager (Male) |
| 8:00 | Create | Villager (Male) |
| 8:11 | Build | House |
| 8:35 | Create | Villager (Male) |
| 9:01 | Create | Villager (Male) |
| 9:23 | Build | House |
| 9:31 | Build | Mill |
| 9:54 | Create | Villager (Male) |
| 10:14 | Create | Villager (Male) |
| 11:05 | Research | Feudal Age |
| 11:27 | Build | Mining Camp |
| 12:44 | Create | Villager (Male) |
| 13:15 | Age | Feudal Age |
| 13:20 | Build | Market |
| 13:23 | Build | Blacksmith |
| 13:27 | Build | Palisade Wall |
| 13:31 | Create | Villager (Male) |
| 13:31 | Create | Villager (Male) |
| 13:54 | Build | House |
| 13:55 | Build | Palisade Wall |
| 13:59 | Research | Loom |
| 14:24 | Build | Mining Camp |
| 14:34 | Build | House |
| 14:35 | Build | Palisade Wall |
| 14:37 | Build | Palisade Wall |
| 14:38 | Build | Palisade Wall |
| 14:56 | Create | Villager (Male) |
| 14:59 | Research | Castle Age |
| 16:01 | Research | Double-Bit Axe |
| 17:51 | Build | House |
| 17:52 | Build | House |
| 18:01 | Age | Castle Age |
| 18:06 | Build | Watch Tower |
| 18:20 | Build | Castle |
| 18:22 | Create | Villager (Male) |
| 18:23 | Create | Villager (Male) |
| 18:23 | Create | Villager (Male) |
| 18:34 | Create | Villager (Male) |
| 18:34 | Create | Villager (Male) |
| 18:34 | Create | Villager (Male) |
| 20:44 | Create | Villager (Male) |
| 20:50 | Research | Fletching |
| 21:10 | Create | Villager (Male) |
| 21:52 | Create | Villager (Male) |
| 21:52 | Create | Villager (Male) |
| 22:00 | Build | Town Center |
| 22:05 | Build | Mill |
| 23:41 | Create | Plumed Archer |
| 23:41 | Create | Plumed Archer |
| 23:42 | Create | Plumed Archer |
| 24:05 | Create | Plumed Archer ×2 |
| 24:40 | Create | Villager (Male) |
| 24:40 | Create | Villager (Male) |
| 24:45 | Create | Plumed Archer |
| 24:55 | Create | Villager (Male) |
| 25:03 | Build | Farm |
| 25:03 | Build | Farm |
| 25:05 | Build | Farm |
| 25:07 | Create | Villager (Male) |
| 25:13 | Create | Plumed Archer |
| 25:24 | Create | Villager (Male) |
| 25:45 | Build | Farm |
| 25:48 | Create | Villager (Male) |
| 25:48 | Create | Villager (Male) |
| 25:55 | Create | Villager (Male) |
| 25:55 | Create | Villager (Male) |
| 25:57 | Create | Plumed Archer |
| 25:58 | Create | Plumed Archer |
| 26:19 | Create | Villager (Male) |
| 26:19 | Create | Villager (Male) |
| 26:26 | Create | Villager (Male) |
| 26:36 | Create | Plumed Archer |
| 26:36 | Create | Plumed Archer |
| 26:37 | Create | Plumed Archer |
| 26:45 | Create | Villager (Male) |
| 26:46 | Create | Villager (Male) |
| 26:58 | Build | Farm |
| 26:59 | Build | Farm |
| 27:02 | Create | Villager (Male) |
| 27:14 | Create | Villager (Male) |
| 27:42 | Create | Villager (Male) |
| 27:42 | Create | Villager (Male) |
| 27:43 | Create | Villager (Male) |
| 27:47 | Create | Plumed Archer |
| 27:47 | Create | Plumed Archer |
| 27:48 | Create | Plumed Archer |
| 28:14 | Create | Villager (Male) |
| 28:14 | Create | Villager (Male) |
| 28:27 | Create | Villager (Male) |
| 28:34 | Create | Plumed Archer |
| 28:34 | Create | Plumed Archer |
| 28:49 | Build | Farm |
| 29:14 | Research | Bodkin Arrow |
| 29:23 | Build | Farm |
| 29:24 | Build | Farm |
| 29:25 | Create | Villager (Male) |
| 29:25 | Create | Villager (Male) |
| 29:28 | Create | Plumed Archer |
| 29:28 | Create | Plumed Archer |
| 29:29 | Create | Plumed Archer |
| 29:42 | Create | Plumed Archer |
| 29:42 | Create | Plumed Archer |
| 29:53 | Create | Villager (Male) |
| 29:53 | Create | Villager (Male) |
| 30:13 | Create | Villager (Male) |
| 30:17 | Create | Plumed Archer |
| 30:31 | Build | University |
| 30:38 | Build | Farm |
| 30:41 | Create | Villager (Male) |
| 30:41 | Create | Villager (Male) |
| 30:41 | Create | Villager (Male) |
| 30:52 | Create | Villager (Male) |
| 31:00 | Research | Padded Archer Armor |
| 31:06 | Create | Plumed Archer ×3 |
| 31:09 | Create | Villager (Male) |
| 31:21 | Create | Villager (Male) |
| 31:21 | Create | Villager (Male) |
| 31:24 | Create | Plumed Archer |
| 31:35 | Create | Plumed Archer |
| 31:35 | Create | Plumed Archer |
| 31:47 | Create | Villager (Male) |
| 31:47 | Create | Villager (Male) |
| 31:51 | Build | House |
| 32:03 | Research | Ballistics |
| 32:31 | Create | Villager (Male) |
| 32:32 | Create | Villager (Male) |
| 32:43 | Create | Plumed Archer |
| 32:43 | Create | Plumed Archer |
| 32:44 | Create | Plumed Archer |
| 32:44 | Create | Plumed Archer |
| 32:45 | Create | Villager (Male) |
Match timeline
| 5:42 | ELEOS | ElNoniro · first_building Dock |
| 8:34 | murkbey · first_building Dock |
| 8:41 | murkbey · wall_segment Palisade Wall x7 |
| 9:01 | Aleko · first_building Dock |
| 9:09 | murkbey · wall_segment Palisade Wall x6 |
| 9:26 | murkbey · wall_segment Palisade Wall x1 |
| 9:43 | murkbey · wall_segment Palisade Wall x1 |
| 10:21 | murkbey · wall_segment Palisade Wall x4 |
| 10:33 | ELEOS | ElNoniro · first_building Barracks |
| 10:38 | Jimmy · first_building Dock |
| 10:50 | Simonz · wall_segment Palisade Wall x1 |
| 10:59 | murkbey · wall_segment Palisade Wall x3 |
| 11:13 | murkbey · wall_segment Palisade Wall x8 |
| 11:14 | murkbey · wall_segment Palisade Wall x7 |
| 11:36 | ELEOS | ElNoniro · age_up feudal |
| 11:37 | ELEOS | ElNoniro · first_building Stable |
| 11:37 | Simonz · first_building Barracks |
| 11:52 | Jimmy · wall_segment Palisade Wall x3 |
| 11:54 | Jimmy · wall_segment Palisade Wall x11 |
| 12:14 | murkbey · first_building Barracks |
| 12:37 | Simonz · age_up feudal |
| 12:39 | Simonz · first_building Archery Range |
| 13:06 | murkbey · age_up feudal |
| 13:07 | Jimmy · wall_segment Palisade Wall x1 |
| 13:15 | golden canine · age_up feudal |
| 13:21 | Aleko · wall_segment Palisade Wall x6 |
| 13:22 | Aleko · wall_segment Palisade Wall x1 |
| 13:27 | golden canine · wall_segment Palisade Wall x2 |
| 13:28 | murkbey · first_building Stable |
| 13:38 | Jimmy · age_up feudal |
| 13:46 | Simonz · wall_segment Palisade Wall x1 |
| 13:46 | Simonz · wall_segment Palisade Wall x1 |
| 13:47 | Simonz · wall_segment Palisade Wall x1 |
| 13:47 | Simonz · wall_segment Palisade Wall x1 |
| 13:50 | Simonz · wall_segment Palisade Wall x1 |
| 13:51 | Simonz · wall_segment Palisade Wall x1 |
| 13:52 | Simonz · wall_segment Palisade Wall x1 |
| 13:52 | Simonz · wall_segment Palisade Wall x1 |
| 13:53 | Simonz · wall_segment Palisade Wall x1 |
| 13:55 | golden canine · wall_segment Palisade Wall x1 |
| 14:05 | Aleko · wall_segment Palisade Wall x1 |
| 14:06 | Jimmy · first_building Barracks |
| 14:07 | Aleko · wall_segment Palisade Wall x1 |
| 14:09 | Aleko · wall_segment Palisade Wall x1 |
| 14:11 | Aleko · wall_segment Palisade Wall x1 |
| 14:13 | Aleko · wall_segment Palisade Wall x1 |
| 14:18 | Aleko · wall_segment Palisade Wall x1 |
| 14:20 | Aleko · wall_segment Palisade Wall x1 |
| 14:22 | Aleko · wall_segment Palisade Wall x1 |
| 14:25 | Aleko · wall_segment Palisade Wall x1 |
| 14:26 | Aleko · wall_segment Palisade Wall x1 |
| 14:27 | Aleko · wall_segment Palisade Wall x1 |
| 14:28 | Aleko · wall_segment Palisade Wall x1 |
| 14:30 | Aleko · wall_segment Palisade Wall x1 |
| 14:31 | murkbey · wall_segment Palisade Wall x1 |
| 14:35 | golden canine · wall_segment Palisade Wall x1 |
| 14:37 | golden canine · wall_segment Palisade Wall x1 |
| 14:38 | golden canine · wall_segment Palisade Wall x1 |
| 14:49 | Aleko · age_up feudal |
| 14:54 | Jimmy · first_building Archery Range |
| 14:57 | Aleko · first_building Barracks |
| 15:17 | ELEOS | ElNoniro · wall_segment Palisade Wall x9 |
| 15:34 | murkbey · wall_segment Palisade Wall x1 |
| 15:55 | Simonz · wall_segment Palisade Wall x1 |
| 15:58 | Simonz · wall_segment Palisade Wall x1 |
| 16:04 | Aleko · first_building Archery Range |
| 16:14 | Simonz · age_up castle |
| 16:48 | ELEOS | ElNoniro · wall_segment Palisade Wall x1 |
| 17:05 | ELEOS | ElNoniro · wall_segment Palisade Wall x3 |
| 17:26 | Aleko · wall_segment Palisade Wall x1 |
| 17:28 | Aleko · wall_segment Palisade Wall x1 |
| 17:53 | Aleko · wall_segment Palisade Wall x5 |
| 18:01 | golden canine · age_up castle |
| 18:10 | golden canine · first_market_buy 100 stone |
| 18:20 | golden canine · first_building Castle |
| 18:25 | Aleko · wall_segment Palisade Wall x1 |
| 18:47 | Jimmy · first_building Stable |
| 19:05 | murkbey · first_market_buy 100 food |
| 19:05 | Aleko · wall_segment Palisade Wall x4 |
| 19:09 | Aleko · wall_segment Palisade Wall x7 |
| 19:12 | ELEOS | ElNoniro · wall_segment Palisade Wall x5 |
| 19:12 | Aleko · wall_segment Palisade Wall x1 |
| 19:13 | Jimmy · age_up castle |
| 19:15 | Aleko · age_up castle |
| 20:28 | ELEOS | ElNoniro · age_up castle |
| 20:48 | golden canine · first_market_sell 100 wood |
| 21:50 | murkbey · age_up castle |
| 22:24 | ELEOS | ElNoniro · wall_segment Palisade Wall x1 |
| 23:03 | murkbey · first_building Castle |
| 23:48 | murkbey · first_market_sell 100 wood |
| 23:52 | ELEOS | ElNoniro · wall_segment Palisade Wall x1 |
| 23:53 | ELEOS | ElNoniro · wall_segment Palisade Wall x1 |
| 23:53 | ELEOS | ElNoniro · wall_segment Palisade Wall x1 |
| 23:56 | ELEOS | ElNoniro · wall_segment Palisade Wall x1 |
| 24:39 | murkbey · first_building Siege Workshop |
| 24:45 | murkbey · wall_segment Palisade Wall x1 |
| 25:50 | ELEOS | ElNoniro · wall_segment Palisade Wall x1 |
| 25:52 | ELEOS | ElNoniro · wall_segment Palisade Wall x1 |
| 26:10 | ELEOS | ElNoniro · first_building Siege Workshop |
| 26:18 | ELEOS | ElNoniro · wall_segment Palisade Wall x1 |
| 27:11 | Aleko · first_market_buy 100 wood |
| 28:22 | ELEOS | ElNoniro · first_market_buy 100 stone |
| 29:22 | Aleko · first_building Stable |
| 29:25 | ELEOS | ElNoniro · first_market_sell 500 wood |
| 30:57 | Aleko · first_building Monastery |
| 32:00 | ELEOS | ElNoniro · first_building Monastery |
| 32:53 | Simonz · first_building Stable |
| 33:00 | ELEOS | ElNoniro · first_building Castle |
| 33:43 | ELEOS | ElNoniro · wall_segment Palisade Wall x1 |
| 33:45 | ELEOS | ElNoniro · wall_segment Palisade Wall x1 |
| 34:36 | Simonz · first_building Siege Workshop |
| 35:00 | Simonz · first_building Castle |
| 35:01 | Jimmy · first_building Siege Workshop |
| 35:59 | Simonz · first_building Monastery |
| 36:14 | Aleko · first_building Castle |
| 36:27 | ELEOS | ElNoniro · wall_segment Palisade Wall x1 |
| 36:36 | ELEOS | ElNoniro · wall_segment Palisade Wall x1 |
| 36:38 | ELEOS | ElNoniro · wall_segment Palisade Wall x1 |
| 36:45 | ELEOS | ElNoniro · wall_segment Palisade Wall x2 |
| 36:51 | ELEOS | ElNoniro · wall_segment Palisade Wall x1 |
| 37:08 | Jimmy · first_market_sell 100 food |
| 38:05 | Jimmy · first_building Castle |
| 40:25 | ELEOS | ElNoniro · age_up imperial |
| 40:26 | murkbey · wall_segment Stone Wall x1 |
| 40:30 | murkbey · wall_segment Stone Wall x1 |
| 40:42 | murkbey · age_up imperial |
| 41:05 | Simonz · age_up imperial |
| 42:00 | murkbey · wall_segment Stone Wall x9 |
| 42:25 | ELEOS | ElNoniro · wall_segment Palisade Wall x1 |
| 42:43 | murkbey · first_building Archery Range |
| 43:10 | Simonz · first_market_sell 500 food |
| 43:22 | ELEOS | ElNoniro · resign |
| 43:40 | Jimmy · age_up imperial |
[ AI ANALYSIS · 1 CREDIT ]
What really happened in this match?
Wolo.gg analyzes every decision: build order, eco, micro, common mistakes by bracket. Personalized analysis on WhatsApp or Discord in 30 seconds.
Civ guide
Chinese
Perfil
Jugador #2924270